[Event "Team 45 45 League T54"]
[Site "Internet Chess Club"]
[Date "2012.09.24"]
[Round "6"]
[White "Legal"]
[Black "SlimeDog2"]
[Result "0-1"]
[WhiteElo "1987"]
[BlackElo "2111"]
[Opening "Queen's bishop game"]
[ECO "D02"]
[Time "21:07:14"]
[TimeControl "2700+45"]

1. d4 d5 2. Nf3 Nf6 3. Bf4 e6 4. e3 Be7 5. h3 c5 6. c3 O-O 7. Bd3 Nbd7 8. Nbd2
b6 9. Ne5 Bb7 10. O-O Ne4 11. Qc2 Nxe5 12. dxe5 Nxd2 13. Qxd2 f5 14. exf6 Bxf6
15. Qe2 e5 16. Bg3 Qe7 17. Ba6 Rad8 18. Bxb7 Qxb7 19. Rfd1 e4 20. Rd2 b5 21.
Rad1 Rd7 22. Qh5 Rfd8 23. Bh4 Bxh4 24. Qxh4 Qa6 25. a3 Qa4 26. Qg4 Qa6 27. Qf5
Qf6 28. Qxf6 gxf6 29. b4 cxb4 30. cxb4 Kf7 31. Rd4 Ke6 32. Rc1 Rd6 33. Kf1 Ra6
34. Rc3 Rdd6 35. Rd2 Rdc6 36. Rdc2 Rc4 37. Ke2 Rxa3 38. Rxc4 dxc4 39. f3 Rb3 40.
Ra2 Rxb4 41. Rxa7 Rb2+ 42. Kf1 c3 43. Ke1 Rb1+ {White resigns} 0-1

[Event "Team 45 45 League T54"]
[Site "Internet Chess Club"]
[Date "2012.09.24"]
[Round "6"]
[White "cesaralexander"]
[Black "chess123"]
[Result "0-1"]
[WhiteElo "1890"]
[BlackElo "1813"]
[Opening "QGD Slav: 3.Nf3"]
[ECO "D11"]
[Time "21:31:33"]
[TimeControl "2700+45"]

1. d4 d5 2. c4 c6 3. Nf3 dxc4 4. a4 e6 5. Nc3 Bb4 6. e4 b5 7. Bd2 Bxc3 8. Bxc3
Nf6 9. Qc2 Qe7 10. Ne5 Bb7 11. f3 Nbd7 12. Nxd7 Nxd7 13. Qd2 a6 14. axb5 cxb5
15. Be2 Qh4+ 16. g3 Qd8 17. Bb4 Nb8 18. O-O Nc6 19. Bc5 Rc8 20. Rfd1 Ne7 21. Qb4
Nc6 22. Qd2 Ne7 23. Qb4 Nc6 24. Qd2 f6 25. Qf4 Kf7 26. d5 exd5 27. Rxd5 Qe8 28.
Qf5 Ne5 29. Rxe5 Qxe5 30. Qd7+ Kg6 31. Bd6 Qd4+ 32. Kf1 Rcd8 33. Qf5+ Kf7 34. e5
Qd5 35. Rd1 Qe6 36. Qh5+ g6 37. Qh4 fxe5 38. Bb4 Rxd1+ 39. Bxd1 Qf6 40. Qg4 Rd8
41. Be2 Bc6 42. Bc3 h5 43. Qh3 Bxf3 44. Ke1 Bxe2 45. Kxe2 Rd3 46. Qg2 Rd7 47. g4
hxg4 48. Qxg4 Qd6 49. Qh4 Qd3+ 50. Ke1 Qe3+ 51. Kf1 Rd1+ 52. Kg2 Rg1# {White
checkmated} 0-1

[Event "Team 45 45 League T54"]
[Site "Internet Chess Club"]
[Date "2012.09.21"]
[Round "6"]
[White "maestrogaffney"]
[Black "Warpdrive"]
[Result "1-0"]
[WhiteElo "1717"]
[BlackElo "1612"]
[Opening "King's Indian: orthodox, Aronin-Taimanov, bayonet attack"]
[ECO "E97"]
[Time "22:03:07"]
[TimeControl "2700+45"]

1. d4 Nf6 2. c4 g6 3. Nc3 Bg7 4. e4 d6 5. Be2 O-O 6. Nf3 e5 7. O-O Nc6 8. d5 Ne7
9. b4 a6 10. c5 b5 11. a4 bxa4 12. Rxa4 dxc5 13. bxc5 Bg4 14. h3 Bxf3 15. Bxf3
Qb8 16. Ba3 Re8 17. Qc2 Qc8 18. Rd1 Nd7 19. d6 cxd6 20. cxd6 Nc6 21. Rc4 Nd4 22.
Rxc8 Nxc2 23. Rxe8+ Rxe8 24. Bc1 Nd4 25. Nd5 Nxf3+ 26. gxf3 Bf8 27. Ba3 a5 28.
Rc1 Kg7 29. Rc7 Rd8 30. f4 f6 31. Nb6 {Black resigns} 1-0

[Event "Team 45 45 League T54"]
[Site "Internet Chess Club"]
[Date "2012.09.27"]
[Round "6"]
[White "tryanything"]
[Black "ticopatzer"]
[Result "1-0"]
[WhiteElo "1603"]
[BlackElo "1665"]
[Opening "Queen's pawn: London system"]
[ECO "A45"]
[Time "19:08:40"]
[TimeControl "2700+45"]

1. d4 Nf6 2. Bf4 d6 3. e3 g6 4. c4 Bg7 5. Nc3 O-O 6. Bd3 Nbd7 7. Nge2 c5 8. O-O
cxd4 9. exd4 Nb6 10. Rc1 d5 11. c5 Nc4 12. Qc2 Na5 13. Nb5 Nh5 14. Bg3 Bg4 15.
Bc7 Qd7 16. Bxa5 Bxe2 17. Bxe2 Nf4 18. Bc3 Bh6 19. Rcd1 Ne6 20. a4 a6 21. Na3
Rac8 22. Qb3 Nf4 23. Bf3 e6 24. Bd2 g5 25. Bxf4 gxf4 26. a5 Qc7 27. Qb6 Qd7 28.
Nc2 Rc6 29. Qb3 Qe7 30. Rfe1 Qd7 31. Qa4 Qc8 32. b4 Qd7 33. Re2 Rb8 34. b5 Rcc8
35. Na3 Bg7 36. Qb4 Qd8 37. b6 Qf8 38. Qb3 Qd8 39. h3 Qh4 40. Nc2 Qf6 41. Nb4
Qg5 42. Rc2 f6 43. c6 Qg6 44. c7 Ra8 45. Nxd5 exd5 46. Bxd5+ Kh8 47. Bxb7 {Black
resigns} 1-0

[Event "Team 45 45 League T54"]
[Site "Internet Chess Club"]
[Date "2012.09.20"]
[Round "6"]
[White "samarth22"]
[Black "justice02"]
[Result "1-0"]
[WhiteElo "2016"]
[BlackElo "1699"]
[Opening "English: Caro-Kann defensive system"]
[ECO "A11"]
[Time "21:31:37"]
[TimeControl "2700+45"]

1. c4 c6 2. Nc3 Nf6 3. e4 e5 4. Nf3 d6 5. d4 Qc7 6. Bg5 Be7 7. Be2 O-O 8. O-O h6
9. Be3 Ng4 10. Bd2 exd4 11. Nxd4 Qb6 12. Bxg4 Qxd4 13. Bxc8 Rxc8 14. Qg4 f5 15.
Qxf5 Rf8 16. Qe6+ Rf7 17. Be3 Qf6 18. Qc8+ Bf8 19. Rad1 Rd7 20. f4 Qe6 21. f5
Qxc4 22. f6 Qf7 23. fxg7 Qxg7 24. Rf3 Rc7 25. Rxf8+ {Black resigns} 1-0

[Event "Team 45 45 League T54"]
[Site "Internet Chess Club"]
[Date "2012.09.30"]
[Round "6"]
[White "LazyPeon"]
[Black "Andrew6"]
[Result "1-0"]
[WhiteElo "1857"]
[BlackElo "1575"]
[Opening "Queen's gambit declined"]
[ECO "D30"]
[Time "17:00:05"]
[TimeControl "2700+45"]

1. d4 d5 2. c4 e6 3. Nf3 Nf6 4. g3 Bb4+ 5. Bd2 Be7 6. Bg2 O-O 7. O-O c6 8. Qc2
b6 9. Ne5 Ba6 10. e3 Nfd7 11. Nxd7 Nxd7 12. b3 Nf6 13. Re1 Rc8 14. e4 dxc4 15.
e5 Ne8 16. Bc3 c5 17. Rd1 cxd4 18. Rxd4 cxb3 19. Qxb3 Qc7 20. Rd1 Rd8 21. Nd2
Bc5 22. Ne4 Rxd1+ 23. Rxd1 Bc4 24. Qc2 h6 25. Nxc5 Qxc5 26. Bd4 Qb5 27. Rc1 Bd3
28. Qb2 Qxb2 29. Bxb2 f5 30. Ba3 Rf7 31. Rc8 Rc7 32. Rxe8+ Kf7 33. Rd8 Bb5 34.
h4 Rc2 35. h5 g5 36. Rf8+ Kg7 37. Rf6 Rxa2 38. Bf8+ Kg8 39. Bxh6 Ra1+ 40. Kh2
Be2 41. Rxe6 Bxh5 42. Bxg5 Bg4 43. Re7 a5 44. Bd5+ Kf8 45. Bf6 Rd1 46. Rd7 Bh5
47. Rd8+ Be8 48. e6 Re1 49. e7+ Rxe7 50. Bxe7+ Kxe7 51. Ra8 a4 52. Rxe8+ Kxe8
53. Bc6+ Ke7 54. Bxa4 {Black resigns} 1-0

[Event "Team 45 45 League T54"]
[Site "Internet Chess Club"]
[Date "2012.09.28"]
[Round "6"]
[White "KW-Winner"]
[Black "goktrenks"]
[Result "1-0"]
[WhiteElo "1870"]
[BlackElo "1827"]
[Opening "Queen's pawn: London system"]
[ECO "D82"]
[Time "12:05:20"]
[TimeControl "2700+45"]

1. d4 Nf6 2. Bf4 g6 3. c4 Bg7 4. Nc3 d5 5. e3 c5 6. Nf3 Nc6 7. Bd3 Bg4 8. dxc5
Qa5 9. O-O e5 10. cxd5 exf4 11. dxc6 bxc6 12. h3 Be6 13. exf4 Qxc5 14. Ng5 Rb8
15. Nxe6 fxe6 16. Qe2 Kf7 17. Rac1 Qb4 18. Ne4 Qxb2 19. Ng5+ Kf8 20. Qxe6 {Black
resigns} 1-0

[Event "Team 45 45 League T54"]
[Site "Internet Chess Club"]
[Date "2012.09.26"]
[Round "6"]
[White "HumanTornado"]
[Black "Goli"]
[Result "1-0"]
[WhiteElo "2010"]
[BlackElo "1817"]
[Opening "Pirc: classical system, 5.Be2"]
[ECO "B06"]
[Time "17:00:24"]
[TimeControl "2700+45"]

1. e4 g6 2. d4 Bg7 3. Nc3 d6 4. Nf3 Nf6 5. Be2 O-O 6. O-O e5 7. dxe5 dxe5 8.
Qxd8 Rxd8 9. Bg5 Re8 10. Rad1 a6 11. Bc4 Bg4 12. Rd3 Nc6 13. h3 Be6 14. Bxe6
Rxe6 15. Bxf6 Bxf6 16. Nd5 Bd8 17. c3 Ne7 18. Rfd1 Nxd5 19. Rxd5 Bf6 20. Rd7 Rc8
21. Nh2 Ree8 22. Ng4 Bg7 23. Ne3 Bf6 24. Ng4 Bg7 25. Ne3 Bf6 26. a4 Kf8 27. Nd5
Bd8 28. a5 c6 29. Ne3 Rb8 30. b4 Bf6 31. Nc4 Re7 32. Nb6 Ke8 33. R7d3 Bg7 34.
Nd7 Rc8 35. Nc5 Rb8 36. Rd7 Bf6 37. Kf1 h5 38. g3 h4 39. Kg2 hxg3 40. fxg3 Bg5
41. Kf3 Rxd7 42. Rxd7 b6 43. axb6 Rxb6 44. Ra7 Bd2 45. Na4 Rb5 46. Rxa6 Kd7 47.
Ra7+ Ke6 48. Nc5+ Kf6 49. Ra3 Bc1 50. Rb3 Bd2 51. Ke2 Bh6 52. c4 Rxc5 53. bxc5
Bf8 54. Rb6 {Black resigns} 1-0

[Event "Team 45 45 League T54"]
[Site "Internet Chess Club"]
[Date "2012.09.23"]
[Round "6"]
[White "room-matt"]
[Black "Dracoac"]
[Result "1-0"]
[WhiteElo "1842"]
[BlackElo "1834"]
[Opening "Caro-Kann: classical variation"]
[ECO "B18"]
[Time "08:50:16"]
[TimeControl "2700+45"]

1. e4 c6 2. d4 d5 3. Nc3 dxe4 4. Nxe4 Bf5 5. Ng3 Bg6 6. Bc4 e6 7. N1e2 h6 8. Nf4
Bh7 9. c3 Bd6 10. Qf3 Nf6 11. O-O O-O 12. Re1 Qc7 13. Nfh5 Nxh5 14. Qxh5 Nd7 15.
Qh4 Nf6 16. Bxh6 Bxg3 17. hxg3 gxh6 18. Qxf6 Bg6 19. Re5 Kh7 20. Kf1 Qd8 21. Qf4
Rh8 22. Ke2 Qb6 23. b3 Rag8 24. Kd2 Qd8 25. Be2 b6 26. Rh1 Kg7 27. Bh5 Qf6 28.
Bxg6 Qxf4+ 29. gxf4 Kxg6 30. b4 Kf6 31. g3 Rg6 32. Kd3 Rg7 33. a4 Rgh7 34. Ke4
h5 35. Rh4 a6 36. c4 Ke7 37. f5 Kd7 38. fxe6+ fxe6 39. f3 Rh6 40. f4 Rg8 41. Kf3
Rgh8 42. b5 a5 43. bxc6+ Kxc6 44. d5+ Kd6 45. dxe6 Rxe6 46. Rhxh5 Rhe8 47. Ke4
R6e7 48. Rh6+ Kc7 49. g4 Rxe5+ 50. fxe5 Rg8 51. Kf4 Rf8+ 52. Rf6 Rd8 53. Kf5 Rd4
54. g5 Rxc4 55. g6 Rc1 56. g7 Rf1+ 57. Ke6 Rg1 58. Kf7 b5 59. g8=Q Rxg8 60. Kxg8
b4 61. e6 b3 62. e7 b2 63. e8=Q b1=Q 64. Qe7+ Kb8 65. Rf8# {Black checkmated}
1-0

[Event "Team 45 45 League T54"]
[Site "Internet Chess Club"]
[Date "2012.09.22"]
[Round "6"]
[White "latayvia"]
[Black "Duguesclin"]
[Result "0-1"]
[WhiteElo "1726"]
[BlackElo "1718"]
[Opening "Benko's opening"]
[ECO "A00"]
[Time "12:31:33"]
[TimeControl "2700+45"]

1. g3 d5 2. Bg2 c6 3. c4 e6 4. Qc2 Nf6 5. Nf3 Bd6 6. O-O O-O 7. d3 h6 8. c5 Bc7
9. d4 Nbd7 10. Nc3 e5 11. e4 dxe4 12. Nxe4 Nxe4 13. Qxe4 Nf6 14. Qc2 exd4 15.
Rd1 Bg4 16. Rxd4 Qe7 17. Bf4 Bxf3 18. Bxf3 Rad8 19. Rad1 Bxf4 20. Rxf4 Rxd1+ 21.
Qxd1 Rd8 22. Qc2 Qe1+ 23. Kg2 Rd2 24. Qxd2 Qxd2 25. b4 Nd5 26. Re4 Nxb4 27. Re8+
Kh7 28. Be4+ g6 29. Re7 Kg7 30. Rxb7 a5 31. a3 Nd3 32. Bxc6 Qxf2+ 33. Kh3 Qf1+
34. Kh4 g5+ 35. Kg4 Ne5+ 36. Kh5 Qh3# {White checkmated} 0-1

[Event "Team 45 45 League T54"]
[Site "Internet Chess Club"]
[Date "2012.09.20"]
[Round "6"]
[White "HomerSimpson"]
[Black "Chatica"]
[Result "1/2-1/2"]
[WhiteElo "2122"]
[BlackElo "2225"]
[Opening "Polish (Sokolsky) opening"]
[ECO "A00"]
[Time "22:10:54"]
[TimeControl "2700+45"]

1. b4 e5 2. Bb2 Bxb4 3. Bxe5 Nf6 4. Nc3 Ba5 5. Nf3 Nc6 6. Bxf6 Qxf6 7. Nd5 Qf5
8. c4 Nb4 9. Ne3 Qg6 10. Qa4 Nc6 11. g3 O-O 12. Bg2 Re8 13. O-O Bb6 14. Rfd1 Nd4
15. Nxd4 Bxd4 16. Rab1 c6 17. Nc2 Bb6 18. e3 d6 19. d4 Bf5 20. Rb2 Qf6 21. Qb4
Rad8 22. a4 Qg6 23. Ne1 c5 24. Qc3 cxd4 25. exd4 Qf6 26. Nf3 Bg4 27. h3 Bc8 28.
a5 Bc7 29. Nd2 b6 30. axb6 Bxb6 31. Ne4 Qg6 32. c5 dxc5 33. Nxc5 Qh5 34. g4 Qg5
35. d5 h5 36. Ne4 Qf4 37. Qf3 Qe5 38. Rbd2 hxg4 39. hxg4 Bxg4 40. Qxg4 f5 41.
Qg3 fxe4 42. Qxe5 Rxe5 43. Kf1 e3 44. fxe3 Bxe3 45. Re2 Rf5+ 46. Ke1 Bc5 47. Rb1
a5 48. Rb7 Rg5 49. Kd1 {Game drawn by mutual agreement} 1/2-1/2

[Event "Team 45 45 League T54"]
[Site "Internet Chess Club"]
[Date "2012.09.22"]
[Round "6"]
[White "bobhill"]
[Black "Beetlejuice"]
[Result "1-0"]
[WhiteElo "1947"]
[BlackElo "1763"]
[Opening "Queen's pawn game, Chigorin variation"]
[ECO "D02"]
[Time "10:03:07"]
[TimeControl "2700+45"]

1. d4 d5 2. Nf3 Nc6 3. Bg5 f6 4. Bf4 Bg4 5. h3 Bxf3 6. exf3 e5 7. dxe5 fxe5 8.
Bg3 Nf6 9. Bb5 Qe7 10. O-O O-O-O 11. Bxc6 bxc6 12. Qe2 e4 13. Nd2 exf3 14. Qa6+
Kb8 15. Nb3 Qe2 16. Qxc6 Qc4 17. Na5 Qxc6 18. Nxc6+ Kc8 19. Nxd8 fxg2 20. Kxg2
Kxd8 21. Rad1 Kc8 22. Rfe1 Bc5 23. a3 c6 24. b4 Bf8 25. c4 dxc4 26. Rc1 a5 27.
Rxc4 axb4 28. Rxc6+ Kb7 29. Rc7+ Kb6 30. Re6+ Kb5 31. Rb7+ Kc4 32. axb4 Bxb4 33.
Rxg7 Nd5 34. Rg4+ Kb3 35. Rd4 Nc3 36. Rb6 Na2 37. Rd7 Kc4 38. Rc7+ Kd5 39. Rc2
Bc5 40. Rb5 {Black resigns} 1-0

[Event "Team 45 45 League T54"]
[Site "Internet Chess Club"]
[Date "2012.09.23"]
[Round "6"]
[White "HelioAraujo"]
[Black "Bonneville"]
[Result "0-1"]
[WhiteElo "1861"]
[BlackElo "1989"]
[Opening "QGD: Lasker defense"]
[ECO "D56"]
[Time "08:02:26"]
[TimeControl "2700+45"]

1. Nf3 Nf6 2. c4 e6 3. Nc3 d5 4. d4 Be7 5. Bg5 O-O 6. e3 h6 7. Bh4 Ne4 8. Bxe7
Qxe7 9. Rc1 c6 10. Bd3 Nxc3 11. Rxc3 dxc4 12. Bxc4 Nd7 13. O-O e5 14. Bb3 Re8
15. Qb1 exd4 16. exd4 Nf8 17. Re3 Be6 18. d5 cxd5 19. Bxd5 Rad8 20. Bxe6 Nxe6
21. Rfe1 b5 22. Qf5 a6 23. h4 Qb7 24. Ne5 Rd2 25. Nd3 Rf8 26. Nc5 Qc8 27. Re5
Rxb2 28. a3 Nxc5 29. Rxc5 Qxf5 30. Rxf5 Rb3 31. Re3 Rxe3 32. fxe3 Rc8 33. Rf3
Rc4 34. h5 Ra4 {White resigns} 0-1

[Event "Team 45 45 League T54"]
[Site "Internet Chess Club"]
[Date "2012.09.25"]
[Round "6"]
[White "pmcglothin"]
[Black "Goli"]
[Result "1/2-1/2"]
[WhiteElo "1856"]
[BlackElo "1875"]
[Opening "Robatsch (modern) defense"]
[ECO "B06"]
[Time "16:00:08"]
[TimeControl "2700+45"]

1. e4 g6 2. d4 Bg7 3. Nc3 d6 4. Be3 Nf6 5. Qd2 O-O 6. f3 Nc6 7. g4 e5 8. Nge2
exd4 9. Nxd4 Ne5 10. Be2 a6 11. h4 b5 12. Bh6 Bb7 13. Bxg7 Kxg7 14. h5 c5 15.
Nb3 Rh8 16. h6+ Kf8 17. O-O-O Ke7 18. Nd5+ Nxd5 19. exd5 Re8 20. Na5 Rb8 21. f4
Nd7 22. Rhe1 Kf8 23. Nc6 Bxc6 24. dxc6 Nb6 25. Qxd6+ Qxd6 26. Rxd6 Nc4 27. Rd7
Rbc8 28. b3 Nb6 29. Rd6 Rc7 30. Kd2 Nc8 31. Rd7 Rxc6 32. Bf3 Rd6+ 33. Rxd6 Nxd6
34. Rxe8+ Kxe8 35. Bc6+ Ke7 36. Ke3 Ke6 37. c3 f6 38. Bf3 Nf7 39. b4 cxb4 40.
cxb4 Nxh6 41. Bb7 Kd6 42. Kf3 Ng8 43. Bxa6 Kc6 44. Bc8 Ne7 45. Be6 Kd6 46. Bb3
Nc6 47. Bg8 h6 48. a3 Nd4+ 49. Ke3 Nc2+ 50. Kd3 Nxa3 51. Kc3 h5 52. gxh5 gxh5
53. Bh7 Nc4 54. Kd3 Nb6 55. Bg6 Nd5 56. Ke4 h4 57. Be8 h3 58. Kf3 Nxf4 59. Kg3
Ne2+ 60. Kxh3 Nd4 61. Kg3 Ke5 62. Kf2 Ke4 63. Bg6+ f5 64. Bf7 Kd3 65. Be8 Kc4
66. Ke3 Nc2+ 67. Kf4 Nd4 68. Ke5 Nc2 69. Kxf5 Nxb4 70. Bxb5+ {Game drawn because
neither player has mating material} 1/2-1/2

[Event "Team 45 45 League T54"]
[Site "Internet Chess Club"]
[Date "2012.09.25"]
[Round "6"]
[White "MaryAngels"]
[Black "robertoalvarez"]
[Result "0-1"]
[WhiteElo "2056"]
[BlackElo "2267"]
[Opening "French: advance, Milner-Barry gambit"]
[ECO "C02"]
[Time "10:00:14"]
[TimeControl "2700+45"]

1. e4 e6 2. d4 d5 3. e5 c5 4. c3 Qb6 5. Nf3 Nc6 6. Bd3 cxd4 7. cxd4 Bd7 8. O-O
Nxd4 9. Nbd2 Nc6 10. Nb3 Nge7 11. Be3 Qc7 12. Rc1 Ng6 13. Nc5 Be7 14. Nxd7 Qxd7
15. Bb5 O-O 16. Qa4 Rfc8 17. h4 a6 18. Bxc6 Rxc6 19. Rxc6 Qxc6 20. Qxc6 bxc6 21.
h5 Nf8 22. Rc1 Rc8 23. Bc5 Bxc5 24. Rxc5 Nd7 25. Ra5 Ra8 26. b4 Kf8 27. a4 Ke7
28. b5 Nb8 29. Kf1 Kd8 30. bxc6 Nxc6 31. Rc5 Kd7 32. Ke2 h6 33. Ke3 Rb8 {White
resigns} 0-1

[Event "Team 45 45 League T54"]
[Site "Internet Chess Club"]
[Date "2012.09.23"]
[Round "6"]
[White "Pomberito"]
[Black "grabuark"]
[Result "0-1"]
[WhiteElo "2103"]
[BlackElo "2217"]
[Opening "Sicilian: dragon, Yugoslav attack, Rauser variation"]
[ECO "B76"]
[Time "18:00:09"]
[TimeControl "2700+45"]

1. e4 c5 2. Nf3 d6 3. d4 cxd4 4. Nxd4 Nf6 5. Nc3 g6 6. Be3 Bg7 7. f3 O-O 8. Qd2
Nc6 9. O-O-O Bd7 10. g4 Rc8 11. h4 Ne5 12. h5 Qa5 13. Kb1 Nxf3 14. Nxf3 Rxc3 15.
hxg6 Nxe4 16. Qh2 h5 17. Qf4 Be6 18. Qxe4 Qxa2+ 19. Kc1 Qxb2+ 20. Kxb2 Rxe3+ 21.
Qd4 Rxf3 22. Qxg7+ Kxg7 23. gxh5 fxg6 24. hxg6 Kxg6 25. Re1 R3f6 26. Be2 Rg8 27.
Rh4 Kf7 28. Bh5+ Kf8 29. Rhe4 Rg5 30. Bd1 Kf7 31. c4 Rf2+ 32. Kc1 Re5 33. Rxe5
dxe5 34. Rxe5 Bxc4 35. Ra5 a6 36. Rc5 Bb5 37. Bc2 Ke6 38. Be4 b6 39. Rh5 Bc4 40.
Rh6+ Ke5 41. Bb7 Kd4 42. Kb1 Kc3 43. Rh3+ Bd3+ 44. Ka1 Rf5 {White resigns} 0-1

[Event "Team 45 45 League T54"]
[Site "Internet Chess Club"]
[Date "2012.09.23"]
[Round "6"]
[White "Jack-ONeill"]
[Black "MarioFrank"]
[Result "1/2-1/2"]
[WhiteElo "2021"]
[BlackElo "1993"]
[Opening "French: Tarrasch, open variation, main line"]
[ECO "C09"]
[Time "15:04:44"]
[TimeControl "2700+45"]

1. d4 e6 2. e4 d5 3. Nd2 c5 4. exd5 exd5 5. Ngf3 Nc6 6. Bb5 Bd6 7. O-O Ne7 8.
dxc5 Bxc5 9. Nb3 Bd6 10. Re1 O-O 11. Bg5 Qc7 12. Bh4 Bg4 13. Bg3 Rad8 14. Be2
Bxg3 15. hxg3 Nf5 16. Nfd4 Bxe2 17. Rxe2 Nfxd4 18. Nxd4 Qb6 19. c3 Nxd4 20. Qxd4
Qxd4 21. cxd4 Rd7 22. Rc1 h5 23. Re5 g6 24. Kh2 f6 25. Re3 Kf7 26. Kh3 Re8 27.
Rxe8 Kxe8 28. Rc8+ Rd8 29. Rc7 Rd7 30. Rc8+ Rd8 31. Rc5 Ke7 32. Rb5 b6 33. a4
Kd6 34. a5 Kc6 35. Rb3 bxa5 36. Rc3+ Kd6 37. Rc5 Rb8 38. Rxa5 Rxb2 39. Ra6+ Rb6
40. Rxa7 Rb4 41. Ra6+ Ke7 42. Ra7+ Ke6 43. g4 hxg4+ 44. Kxg4 Rxd4+ 45. f4 Rc4
46. Ra6+ Ke7 47. Rb6 Rc7 48. Kf3 Rc3+ 49. Ke2 Rc2+ 50. Kf3 Rc3+ 51. Ke2 Rc2+ 52.
Kf3 Rc7 53. Ke3 Rc4 54. g3 Re4+ 55. Kd3 g5 56. fxg5 fxg5 57. Rg6 Rg4 58. Ra6
Rxg3+ 59. Kd4 Kf7 60. Kxd5 Re3 61. Kd4 Re7 62. Kd3 Kg7 63. Kd2 Kh7 64. Kd1 g4
65. Ra4 Rg7 66. Ke2 Kh6 67. Kf2 Kh5 68. Kg3 Rg5 69. Ra8 Rb5 70. Rh8+ Kg5 71.
Rg8+ Kh5 72. Rh8+ Kg5 73. Rg8+ Kh5 74. Rh8+ {Game drawn by repetition} 1/2-1/2

[Event "Team 45 45 League T54"]
[Site "Internet Chess Club"]
[Date "2012.09.23"]
[Round "6"]
[White "GuilleUrbieta"]
[Black "Ptzz"]
[Result "1-0"]
[WhiteElo "2027"]
[BlackElo "2101"]
[Opening "Caro-Kann: Tartakower (fantasy) variation"]
[ECO "B12"]
[Time "13:00:58"]
[TimeControl "2700+45"]

1. e4 c6 2. d4 d5 3. f3 dxe4 4. fxe4 e5 5. Nf3 Bg4 6. Bc4 Nd7 7. c3 b5 8. Be2
Ngf6 9. a4 a6 10. dxe5 Nxe4 11. axb5 Bc5 12. bxc6 O-O 13. Ra4 Nf2 14. Qd5 Qb6
15. cxd7 Nxh1 16. Rxg4 Bf2+ 17. Kf1 Be3 18. Bxe3 Qxe3 19. Qd4 Qc1+ 20. Qd1 Qe3
21. Qd4 Qc1+ 22. Bd1 g6 23. Qd3 Qxb2 24. Nbd2 Qb5 25. c4 Qc5 26. Ne4 Qe7 27.
Nf6+ Kg7 28. Rh4 h5 29. Rxh5 Rh8 30. Rxh8 Rxh8 31. Ne8+ Rxe8 32. dxe8=Q Qxe8 33.
Kg1 {Black resigns} 1-0

[Event "Team 45 45 League T54"]
[Site "Internet Chess Club"]
[Date "2012.09.22"]
[Round "6"]
[White "steadman"]
[Black "Y-ElGhazali"]
[Result "0-1"]
[WhiteElo "2106"]
[BlackElo "2189"]
[Opening "Benoni defense"]
[ECO "A61"]
[Time "20:00:05"]
[TimeControl "2700+45"]

1. d4 Nf6 2. c4 e6 3. Nf3 c5 4. d5 exd5 5. cxd5 d6 6. Nc3 g6 7. Bf4 Bg7 8. e3
O-O 9. h3 Na6 10. Nd2 Nc7 11. Nc4 b5 12. Nxd6 b4 13. Na4 Nfxd5 14. Bg3 Bd7 15.
Nc4 Bb5 16. Be2 Qe8 17. Nxc5 Bxc4 18. Bxc4 Nxe3 19. Qe2 Nxc4 20. Bxc7 Rc8 21.
Rc1 Nxb2 22. Ne4 f5 23. Nd6 Nd3+ 24. Kd2 Qxe2+ 25. Kxe2 Nxc1+ 26. Rxc1 Be5 27.
Rc5 Bxd6 28. Bxd6 Rxc5 29. Bxc5 Re8+ 30. Kd3 a5 31. Kc4 Re2 32. Kb3 Kf7 33. Bb6
Ke6 34. f4 Rxg2 35. Bxa5 Rg3+ 36. Kxb4 Rxh3 37. Bc7 Kd7 38. Be5 Kc6 39. a4 Re3
40. a5 g5 41. a6 g4 42. Kc4 g3 43. Bd4 Re4 44. Kd3 Rxd4+ 45. Kxd4 g2 46. a7
g1=Q+ {White resigns} 0-1

[Event "Team 45 45 League T54"]
[Site "Internet Chess Club"]
[Date "2012.09.23"]
[Round "6"]
[White "M-Abotreka"]
[Black "Fezzik"]
[Result "1/2-1/2"]
[WhiteElo "2085"]
[BlackElo "2193"]
[Opening "QGD Slav defense"]
[ECO "D10"]
[Time "23:19:34"]
[TimeControl "2700+45"]

1. d4 d5 2. c4 c6 3. Qc2 Nf6 4. Nf3 g6 5. cxd5 cxd5 6. Nc3 Nc6 7. Bf4 Bg7 8. e3
O-O 9. Ne5 Nd7 10. Nxd7 Bxd7 11. Be2 {Game drawn by mutual agreement} 1/2-1/2

[Event "Team 45 45 League T54"]
[Site "Internet Chess Club"]
[Date "2012.09.27"]
[Round "6"]
[White "Uwak"]
[Black "SlimeDog2"]
[Result "1/2-1/2"]
[WhiteElo "2474"]
[BlackElo "2124"]
[Opening "Petrov: classical attack, Marshall variation"]
[ECO "C42"]
[Time "01:01:36"]
[TimeControl "2700+45"]

1. e4 e5 2. Nf3 Nf6 3. Nxe5 d6 4. Nf3 Nxe4 5. d4 d5 6. Bd3 Bd6 7. O-O O-O 8. c4
c6 9. Nc3 Nxc3 10. bxc3 Bg4 11. cxd5 cxd5 12. Rb1 Nd7 13. h3 Bh5 14. Rb5 Nb6 15.
c4 Bxf3 16. Qxf3 dxc4 17. Bc2 Qc7 18. a4 a6 19. Rb2 Rab8 20. Bh6 Qc6 21. Qf5 g6
22. Qa5 Nd7 23. Qc3 Qd5 24. Bd1 b5 25. axb5 axb5 26. Bxf8 Nxf8 27. Bf3 Qf5 28.
Bg4 Qd5 29. Bf3 Qf5 30. Bg4 Qd5 31. Bf3 Qf5 {Game drawn by repetition} 1/2-1/2

[Event "Team 45 45 League T54"]
[Site "Internet Chess Club"]
[Date "2012.09.23"]
[Round "6"]
[White "Matusalen"]
[Black "searchforbobby1"]
[Result "1/2-1/2"]
[WhiteElo "2170"]
[BlackElo "2153"]
[Opening "Dutch: stonewall variation"]
[ECO "A92"]
[Time "20:50:04"]
[TimeControl "2700+45"]

1. Nf3 f5 2. g3 Nf6 3. Bg2 e6 4. c4 Be7 5. O-O d5 6. d4 O-O 7. Nbd2 c6 8. Ne5
Bd7 9. Qb3 b5 10. a4 dxc4 11. Qd1 Nd5 12. e4 fxe4 13. Nxe4 Be8 14. axb5 cxb5 15.
Qg4 Rf5 16. Nc3 g6 17. Qe4 Rxe5 18. Qxe5 Bf7 19. Nxb5 Nc6 20. Qe4 Qb6 21. Nc3
Ncb4 22. Bh6 Bf6 23. Be3 Rd8 24. Na4 Qc7 25. Rfc1 Nd3 26. Rc2 N3b4 27. Rcc1 Nd3
28. Rc2 N3b4 {Game drawn by mutual agreement} 1/2-1/2

[Event "Team 45 45 League T54"]
[Site "Internet Chess Club"]
[Date "2012.09.23"]
[Round "6"]
[White "Burning-Bush"]
[Black "eurander"]
[Result "1/2-1/2"]
[WhiteElo "1994"]
[BlackElo "2113"]
[Opening "QGD Slav defense: exchange variation"]
[ECO "D13"]
[Time "18:04:59"]
[TimeControl "2700+45"]

1. d4 d5 2. c4 c6 3. cxd5 cxd5 4. Nc3 Nf6 5. Nf3 Nc6 6. g3 Bf5 7. Bg2 e6 8. O-O
Be7 9. h3 Ne4 10. Bd2 O-O 11. Be1 a6 12. Rc1 Qb6 13. Na4 Qa7 14. e3 Rac8 15. Nd2
Nd6 16. Nb1 Nc4 17. Qe2 b5 18. Nac3 Nb4 19. e4 dxe4 20. Nxe4 Qxd4 21. Bc3 Qa7
22. Rcd1 Rfd8 23. b3 Nb6 24. a3 N4d5 25. Bd4 Qc7 26. Qb2 f6 27. Rc1 Qa7 28. Nbc3
Nxc3 29. Bxc3 Nd5 30. Ba5 Re8 31. b4 Nb6 32. Bxb6 Qxb6 33. g4 Bg6 34. Rfd1 f5
35. gxf5 exf5 36. Nc3 Bf6 37. Qb3+ Bf7 38. Nd5 Rxc1 39. Rxc1 Qd4 40. Rd1 Qe5 41.
Qc2 Bd8 42. Qc6 Qe6 43. Qc3 {Game drawn by mutual agreement} 1/2-1/2

[Event "Team 45 45 League T54"]
[Site "Internet Chess Club"]
[Date "2012.09.23"]
[Round "6"]
[White "Justi"]
[Black "PandorasBox"]
[Result "1/2-1/2"]
[WhiteElo "2099"]
[BlackElo "1907"]
[Opening "French: King's Indian attack"]
[ECO "C00"]
[Time "17:01:41"]
[TimeControl "2700+45"]

1. e4 e6 2. d3 b6 3. Nf3 Bb7 4. Nbd2 Nf6 5. g3 d5 6. e5 Nfd7 7. Bg2 c5 8. O-O
Nc6 9. Re1 Be7 10. Nf1 h6 11. c4 dxc4 12. dxc4 Qc7 13. Qe2 Nd4 14. Nxd4 cxd4 15.
Bxb7 Qxb7 16. a3 a5 17. Bd2 Nc5 18. b4 Nb3 19. Rab1 Nxd2 20. Qxd2 axb4 21. axb4
Rd8 22. Qd3 O-O 23. Nd2 Qd7 24. Ne4 Ra8 25. c5 bxc5 26. bxc5 Rfc8 27. Nd6 Rxc5
28. Qxd4 Bxd6 29. exd6 Rd5 30. Qe4 Qxd6 31. Rb7 Rb8 32. Rxb8+ {Game drawn by
mutual agreement} 1/2-1/2